 Dungeon Sprint DCSS version 0.30-a0-585-g93115170b9 (webtiles) character file.

Game seed: 11208981998849781439

263 mhtbhm the Blocker (level 6, -3/56 HPs)
             Began as a Formicid Fighter on Jan 3, 2023.
             Splashed by a jelly's acid (7 damage)
             ... in the Dungeon (Sprint I: "Red Sonja").
             The game lasted 00:00:36 (230 turns).

mhtbhm the Blocker (Formicid Fighter)                Turns: 230, Time: 00:00:37

Health: -3/56      AC:  0    Str: 22    XL:     6   Next: 42%
Magic:  6/6        EV:  9    Int:  8    God:
Gold:   108        SH:  6    Dex: 13    Spells: 5/5 levels left

rFire   . . .      SeeInvis +    a - +0 flail
rCold   . . .      Faith    .    c - +0 buckler
rNeg    . . .      Spirit   .    b - +0 scale mail
rPois   .          Reflect  .    (helmet unavailable)
rElec   .          Harm     .    (no cloak)
rCorr   .          Rampage  .    (no gloves)
Will    .....                    (no boots) Stlth
                                 (no amulet)
HPRegen 0.29/turn                (no ring)
MPRegen 0.10/turn                (no ring)

@: corroded
A: permanent stasis, dig shafts and tunnels, antennae 3, four strong arms
a: Dig


You were in the Dungeon.
You visited 1 branch You collected 108 gold pieces.

Inventory:

Hand Weapons
 a - a +0 flail (weapon)
Armour
 b - a +0 scale mail (worn)
 c - a +0 buckler (worn)
Wands
 d - a wand of roots (4)
Scrolls
 j - a scroll of blinking
Potions
 e - a potion of curing
 g - a potion of haste
 h - 3 potions of magic
 i - a potion of berserk rage


   Skills:
 + Level 7.8 Fighting
 + Level 5.8 Maces & Flails
 + Level 7.7 Armour
 + Level 9.3 Shields


You had 5 spell levels left.
You didn't know any spells.
Your spell library was empty.

Dungeon Overview and Level Annotations

Branches:
Dungeon (1/1)

Altars:
Sif Muna
Vehumet
Wu Jian


Innate Abilities, Weirdness & Mutations

You cannot be hasted, slowed, berserked, paralysed or teleported.
You can dig through walls and to a lower floor.
You have a pair of large antennae on your head. (SInv)
Your four strong arms can wield two-handed weapons with a shield.


Message History

Aiming: Fastroot
Press: ? - help, Shift-Dir - straight line, f - you The roots erupt in riotous growth!
The jelly is unaffected.
The jelly hits you but does no damage.
Unknown command.
Unknown command.
Aiming: Fastroot
Press: ? - help, Shift-Dir - straight line, f - you The roots erupt in riotous growth!
The jelly is unaffected.
The jelly hits you.
You are splashed with acid!
* * * LOW HITPOINT WARNING * * *
Unknown command.
Unknown command.
Unknown command.
You feel much better. The jelly closely misses you.
Aiming: Fastroot
Press: ? - help, Shift-Dir - straight line, f - jelly
Aim: a jelly The roots erupt in riotous growth!
The jelly is unaffected.
The jelly barely misses you.
Unknown command.
Unknown command.
Unknown command.
You hit the jelly.
Your hands burn!
The jelly is moderately wounded.
The jelly closely misses you.
You sock the jelly!
Your hands burn!
The jelly is almost dead.
The jelly hits you. The acid corrodes you!
You are splashed with acid!
* * * LOW HITPOINT WARNING * * *
You barely miss the jelly.
The jelly is almost dead.
The jelly barely misses you.
You hit the jelly but do no damage.
Your hands burn!
* * * LOW HITPOINT WARNING * * *
The jelly is almost dead.
The jelly hits you.
* * * LOW HITPOINT WARNING * * *
You are splashed with acid!
You die...

################
#<.#..)..#.)'..#
#..)..#..'..#..+
{
#..#####+#####'#
#..# #)# #..#
#@# { #..# #J.+
#⌠⌠# { ..._# {
#### #_.#+# ##+
{


You could see a jelly.

Vanquished Creatures
  Sigmund (D)
  An ogre (D)
  Ijyb (D)
3 creatures vanquished.

Notes
Turn   | Place    | Note
-------+----------+-------------------------------------------
     0 | D        | mhtbhm the Formicid Fighter began the quest for the Orb.
     0 | D        | Reached XP level 1. HP: 18/18 MP: 1/1
     1 | D        | Noticed Ijyb
    11 | D        | Killed Ijyb
    12 | D        | Reached skill level 5 in Shields
    12 | D        | Reached XP level 2. HP: 15/26 MP: 2/2
    12 | D        | Reached XP level 3. HP: 18/31 MP: 3/3
    17 | D        | Noticed an ogre
    21 | D        | Killed an ogre
    22 | D        | Reached skill level 7 in Shields
    22 | D        | Reached XP level 4. HP: 40/40 MP: 4/4
    22 | D        | Reached XP level 5. HP: 46/46 MP: 5/5
    25 | D        | Noticed Sigmund
    31 | D        | Killed Sigmund
    32 | D        | Reached skill level 5 in Maces & Flails
    32 | D        | Reached skill level 9 in Shields
    32 | D        | Reached XP level 6. HP: 32/56 MP: 6/6
    38 | D        | Found a shimmering blue altar of Sif Muna.
   212 | D        | Found an ornate altar of the Wu Jian Council.
   219 | D        | Found a radiant altar of Vehumet.
   230 | D        | Splashed by a jelly's acid

Illustrated notes

Levels and vault maps discovered:
D:        dungeon_sprint_1 [red_sonja_temple_1, red_sonja_temple_small_1]

Skill      XL: |  1  2  3  4  5 |
---------------+----------------+-----
Fighting       | 4 6 7 |  7.8
Armour         | 4 6 7 |  7.7
Shields        | 5 7 9 |  9.3
Maces & Flails | 4 5 |  5.8

Action                   |  1- 3 |  4- 6 || total
-------------------------+-------+-------++-------
Melee: Flail             |    12 |    10 ||    22
Evoke: Wand              |     1 |     3 ||     4
  Use: Potion            |     2 |     1 ||     3
Armor: Scale mail        |     2 |     2 ||     4
Dodge: Dodged            |     5 |     5 ||    10
Block: Buckler           |     3 |       ||     3

Table legend: (Time is in decaauts)
 A = Elapsed time spent in this place.
 B = Non-inter-level travel time spent in this place.
 C = Inter-level travel time spent in this place.
 D = Time resting spent in this place.
 E = Time spent auto-exploring this place.
 F = Levels seen in this place.
 G = Mean time per level.
                   A        B        C        D        E       F      G
               +--------+--------+--------+--------+--------+-----+--------+
         Total |    235 |    235 |      0 |    171 |      0 |   1 |  235.0 |
       Dungeon |    235 |    235 |      0 |    171 |      0 |   1 |  235.0 |
               +--------+--------+--------+--------+--------+-----+--------+

Top non-repeatable levels by time:
       D: 235 daAuts
